[Event "*** Titled Tuesday Blitz"]
[Site "Chess.com"]
[Date "2021.03.30"]
[Round "4"]
[White "ApoIogiA"]
[Black "noblerone"]
[Result "0-1"]
[WhiteElo "2183"]
[BlackElo "2400"]
[TimeControl "180+1"]
[EndTime "10:39:35 PDT"]
[Termination "noblerone won on time"]

1. d4 d5 2. c4 c6 3. Nc3 Nf6 4. Nf3 dxc4 5. a4 Bf5 6. Ne5 Nbd7 7.
Nxc4 Qc7 8. f3 e5 9. e4 exd4 10. Qxd4 Be6 11. g3 Bc5 12. Qd1 Rd8 13. Qc2 O-O 14. Bf4 Qc8 15. Nd6 Qa8 16. Rd1 Nh5 17.
Bg5 f6 18. Bc1 Ne5 19. f4 Bxd6 20. fxe5 Bxe5 21. Rxd8 Rxd8 22. Be2 g6 23. O-O Qc8 24. Kg2 Ng7 25. Bf3 Bh3+ 26. Kg1 Bxf1 27. Kxf1 Bd4 28. Kg2 Qe6 29. Bf4 Be5 30. Be2 Kh8 31. Be3 b6 32. b3 Ne8 33. Bc4 Qe7 34. Qf2 Nd6 35.
Bd3 Bxc3 36. Bd4 Bxd4 37. Qxd4 Qe5 38. Qb4 c5 39. Qd2 Nxe4 40. Bxe4 Rxd2+ 0-1

[Event "*** Titled Tuesday Blitz"]
[Site "Chess.com"]
[Date "2021.03.30"]
[Round "4"]
[White "kamilianin235"]
[Black "wadsy27"]
[Result "0-1"]
[WhiteElo "2270"]
[BlackElo "2570"]
[TimeControl "180+1"]
[EndTime "10:39:36 PDT"]
[Termination "wadsy27 won by resignation"]

1. e4 c5 2. Nf3 e6 3. d4 cxd4 4. Nxd4 Nc6 5. Nc3 Qc7 6. f4 Nxd4 7. Qxd4 a6 8. Be3 b5 9. a3 Bb7 10. Be2 Rc8 11. O-O Nf6 12. Bf3 Bc5 13. Qxc5 Qxc5 14. Bxc5 Rxc5 15. e5 Bxf3 16. exf6 Bc6 17. fxg7 Rg8 18.
Rad1 Rxg7 19. g3 h5 20. Kf2 h4 21. Rg1 hxg3+ 22. hxg3 Rh5 23. Ne2 Rh2+ 24. Ke3 f5 25.
c3 Ke7 26. Rdf1 Bd5 27. Rf2 Rgh7 28. Rxh2 Rxh2 29. Re1 Kd6 30. b4 Bc4 31. Rd1+ Kc7 32. Rd2 Rh1 33. Nd4 Ra1 34. Nc2 Rg1 35. Kf2 Rf1+ 36.
Ke3 Bd5 37. Rf2 Rg1 38. Nd4 Rxg3+ 39. Kd2 Be4 40. Nb3 d6 41. Nc1 e5 42. Rf1 Kc6 43. Rf2 Kd5 44. Rf1 Kc4 45. Ne2 Rd3+ 46. Kc2 Rf3+ 0-1

[Event "*** Titled Tuesday Blitz"]
[Site "Chess.com"]
[Date "2021.03.30"]
[Round "4"]
[White "attack2mateU"]
[Black "Srinavasan"]
[Result "0-1"]
[WhiteElo "2754"]
[BlackElo "2981"]
[TimeControl "180+1"]
[EndTime "10:39:38 PDT"]
[Termination "Srinavasan won by resignation"]

1. e4 c5 2. Nf3 d6 3. d4 cxd4 4. Nxd4 Nf6 5. Nc3 a6 6. Be2 e5 7. Nb3 Be7 8. O-O O-O 9. Be3 Be6 10. Qd3 g6 11. f4 Kh8 12. fxe5 dxe5 13. Nc5 Qxd3 14.
cxd3 Bc8 15. N3a4 Nbd7 16. Rac1 Kg7 17. Rc2 b5 18. Nxd7 Nxd7 19. Nc5 Nxc5 20. Bxc5 Re8 21. Bxe7 Rxe7 22. Rfc1 Be6 23. a3 Rb8 24. b4 a5 25. Rc5 axb4 26. axb4 f6 27. Ra1 Bb3 28. Ra6 Rd7 29. Kf2 Rbb7 30. Ke3 Rd4 31. Kd2 Rxb4 32.
Kc3 Ra4 33. Rac6 Bf7 34. Rc7 b4+ 35. Kd2 Ra2+ 36. Ke3 Rxc7 37. Rxc7 b3 38. Bd1 Rb2 39. Rb7 Kf8 40. d4 exd4+ 41. Kxd4 Rd2+ 42. Kc3 Rxd1 0-1

[Event "*** Titled Tuesday Blitz"]
[Site "Chess.com"]
[Date "2021.03.30"]
[Round "4"]
[White "gaby_przz"]
[Black "julinha97"]
[Result "1-0"]
[WhiteElo "2465"]
[BlackElo "2285"]
[TimeControl "180+1"]
[EndTime "10:39:38 PDT"]
[Termination "gaby_przz won by resignation"]

1. d4 Nf6 2. Nf3 g6 3. Bf4 Bg7 4. e3 d6 5. c3 O-O 6. h3 b6 7.
Nbd2 Bb7 8. Qc2 c5 9. Bd3 Nbd7 10.
O-O Rc8 11. Rfe1 Re8 12. Bh2 e5 13. dxe5 Nxe5 14. Nxe5 dxe5 15. e4 Rc7 16. Rad1 Qa8 17.
Nc4 Nh5 18. Nd6 Rd8 19. Nxb7 Qxb7 20. Bc4 Rcd7 21. Bd5 Qc7 22. Qa4 Nf6 23. c4 Nxd5 24.
Rxd5 Rxd5 25. cxd5 Qd6 26. Qxa7 Bf8 27. Qa4 Qf6 28. a3 Bd6 29. Qc6 Rb8 30. Bg3 Qe7 31.
Rc1 b5 32. Qa6 c4 33. Qa5 Bc5 34. Qd2 Qd6 35. Qe2 Qe7 36. Rf1 Qg5 37. Kh2 h5 38. f4 exf4 39. Bxf4 Qe7 40. Bxb8 Bd6+ 41. Bxd6 Qxd6+ 42. Kg1 Qe5 43. Qf2 Qc7 44. Qf3 Qb6+ 45. Kh1 Qc7 46.
d6 Qd7 47. e5 b4 48. axb4 Qe6 49.
Qf6 Qd7 50. e6 1-0

[Event "*** Titled Tuesday Blitz"]
[Site "Chess.com"]
[Date "2021.03.30"]
[Round "4"]
[White "VladaSviridova"]
[Black "DrCeltic"]
[Result "0-1"]
[WhiteElo "2239"]
[BlackElo "2428"]
[TimeControl "180+1"]
[EndTime "10:39:38 PDT"]
[Termination "DrCeltic won by resignation"]

1. d4 d5 2. c4 c6 3. Nf3 Nf6 4. Nc3 dxc4 5. a4 Bf5 6. Ne5 e6 7. f3 Bb4 8. Nxc4 O-O 9. Bg5 h6 10. Bh4 c5 11. Bf2 cxd4 12. Bxd4 Nc6 13. Bf2 Nd5 14. Rc1 Qf6 15. e4 Nxc3 16. bxc3 Bxc3+ 17. Nd2 Rfd8 18. Be3 Bg6 19. Be2 Bd4 20. Qb3 e5 21. Bxd4 Nxd4 22. Qe3 Qb6 23. Kf2 Qb4 24. Rc4 Qb2 25.
Rhc1 Ne6 26. R1c2 Qa1 27. g3 Nd4 28. Rc1 Qb2 29. Nf1 f6 30. h4 Bf7 31. R4c3 Qb4 32.
Kg2 Qxa4 33. Kh3 Be6+ 34. g4 Bf7 35. Bc4 Bxc4 36. Rxc4 Qa2 37. Ng3 Ne6 38. Nh5 Qd2 39. Qxd2 Rxd2 40. R4c2 Rad8 41. Kg3 a5 42. Rxd2 Rxd2 43.
Rc8+ Rd8 44. Rxd8+ Nxd8 45. Kf2 a4 46. Ng3 a3 47.
Ne2 a2 48. Nc3 a1=Q 0-1

[Event "*** Titled Tuesday Blitz"]
[Site "Chess.com"]
[Date "2021.03.30"]
[Round "4"]
[White "Danny_Billiards"]
[Black "QuintilianoR"]
[Result "1/2-1/2"]
[WhiteElo "2574"]
[BlackElo "2734"]
[TimeControl "180+1"]
[EndTime "10:39:39 PDT"]
[Termination "Game drawn by repetition"]

1. d4 d5 2. c4 c6 3. Nf3 Nf6 4. cxd5 cxd5 5. Nc3 Nc6 6. Bf4 a6 7. e3 Bg4 8. h3 Bxf3 9. Qxf3 e6 10. Be2 Rc8 11.
O-O Be7 12. Rfc1 O-O 13. Na4 Nd7 14. Nc5 Nxc5 15. dxc5 e5 16. Bg3 e4 17. Qf4 Bf6 18.
Rab1 Be5 19. Qh4 Qxh4 20. Bxh4 h6 21. f4 exf3 22. Bxf3 d4 23. Bf2 Rfd8 24. exd4 Bxd4 25. Rd1 Bxf2+ 26. Kxf2 Ne5 27. Bxb7 Rxd1 28. Rxd1 Rxc5 29. Bxa6 Rc2+ 30. Kg1 Rxb2 31. a4 Ra2 32. Bb5 g5 33. Re1 Ng6 34. Re2 Ra1+ 35. Kh2 Kg7 36. g3 f6 37. Rc2 Ne5 38. Kg2 h5 39. Be8 h4 40.
gxh4 gxh4 41. Bb5 Ra3 42. Kh2 Ng6 43. Rg2 Kh6 44. Be8 Nf4 45. Rg4 Ra2+ 46. Kh1 Ra1+ 47. Kh2 Ra2+ 48. Kh1 Ra1+ 49. Kh2 Ra2+ 1/2-1/2

[Event "*** Titled Tuesday Blitz"]
[Site "Chess.com"]
[Date "2021.03.30"]
[Round "4"]
[White "Tsyhanchuk_Stanislav"]
[Black "paulrusan"]
[Result "1-0"]
[WhiteElo "2483"]
[BlackElo "2300"]
[TimeControl "180+1"]
[EndTime "10:39:39 PDT"]
[Termination "Tsyhanchuk_Stanislav won on time"]

1. e4 c5 2. Nf3 Nc6 3. d4 cxd4 4. Nxd4 e5 5. Nb5 d6 6. N1c3 a6 7. Na3 b5 8. Nd5 Nf6 9. Bg5 Be7 10. Bxf6 Bxf6 11.
c3 Rb8 12. Nc2 O-O 13. a4 bxa4 14. Rxa4 Rxb2 15. Bxa6 Bd7 16. Ra1 Bg5 17. O-O f5 18. exf5 Bxf5 19. Nce3 Be6 20. Rb1 Rxb1 21. Qxb1 Qa5 22.
Bc4 Bxe3 23. Nxe3 Bxc4 24. Nxc4 Qxc3 25. Nxd6 Nd4 26. h3 h6 27. Ne4 Qc2 28. Qxc2 Nxc2 29.
Rc1 Rf4 30. f3 Nd4 31. Rc5 Rf5 32. Kf2 Ne6 33. Ra5 Ng5 34. Ng3 Rf8 35. Rxe5 Kh7 36. h4 Nf7 37. Rd5 Re8 38. Rd7 Ne5 39. Rc7 Nd3+ 40.
Kg1 Nf4 41. Ne4 Kg6 42. Kf2 Ne6 43. Rc6 Kh7 44. h5 Nd4 45. Rc7 1-0

[Event "*** Titled Tuesday Blitz"]
[Site "Chess.com"]
[Date "2021.03.30"]
[Round "4"]
[White "Keranke"]
[Black "BogdanDeac"]
[Result "1-0"]
[WhiteElo "2803"]
[BlackElo "3013"]
[TimeControl "180+1"]
[EndTime "10:39:40 PDT"]
[Termination "Keranke won on time"]

1. d4 Nf6 2. Bf4 d5 3. e3 c5 4. Nc3 cxd4 5. exd4 a6 6. Nf3 Nc6 7. Ne5 e6 8. Nxc6 bxc6 9. Na4 Bd6 10. Bxd6 Qxd6 11.
Bd3 O-O 12. O-O e5 13. dxe5 Qxe5 14. Qf3 Qd4 15. b3 Bg4 16. Qg3 Rfe8 17. c3 Qa7 18.
Qd6 Re6 19. Qc5 Qc7 20. f3 Bh5 21. Rfe1 Nd7 22. Qd4 Bg6 23. Rxe6 fxe6 24. Bxg6 hxg6 25. c4 e5 26. Qg4 Qd6 27. Rd1 Rd8 28. Kh1 Kf7 29. Nc3 Nf6 30. Qg3 Qe6 31. cxd5 cxd5 32. Re1 Re8 33. Qf2 Qc6 34. Qd2 e4 35. fxe4 dxe4 36.
h3 g5 37. Nd1 g4 38. Ne3 gxh3 39. gxh3 Qe6 40. Qg2 Rh8 41. Kh2 Qe5+ 42. Qg3 Qb2+ 43. Kh1 Qd4 44. Nf5 Qd2 45. Qxg7+ Ke6 46. Qe7+ Kxf5 47.
Rf1+ 1-0

[Event "*** Titled Tuesday Blitz"]
[Site "Chess.com"]
[Date "2021.03.30"]
[Round "4"]
[White "elohunter1999"]
[Black "TosicSrecko"]
[Result "1-0"]
[WhiteElo "2535"]
[BlackElo "2311"]
[TimeControl "180+1"]
[EndTime "10:39:40 PDT"]
[Termination "elohunter1999 won by resignation"]

1. d4 e6 2. e4 d5 3. Nd2 c5 4.
Ngf3 cxd4 5. Nxd4 Nf6 6. exd5 Qxd5 7. Nb5 Na6 8. Nc3 Qe5+ 9. Be2 Be7 10. O-O O-O 11.
Nc4 Qc7 12. Qd4 Nb4 13. Bf4 Qd8 14. Qd1 Nbd5 15. Nxd5 Nxd5 16. Bg3 b5 17. Ne5 Bb7 18.
Bxb5 Qb6 19. c4 Nf6 20. Qb3 Rfd8 21. Rad1 Ne4 22. Bc6 Nxg3 23. hxg3 Qxb3 24. axb3 Rxd1 25. Rxd1 Bxc6 26. Nxc6 Bf6 27. Rd7 a6 28. Rd2 g6 29.
b4 Kg7 30. b3 Rc8 31. b5 axb5 32. cxb5 Rc7 33. Rc2 Rb7 34. Rc5 Rb6 35. b4 Bb2 36.
Kf1 Bf6 37. Ke2 Kf8 38. Kd3 Ke8 39. Kc4 Kd7 40. Na5 Rb8 41. Rc6 Be7 42. Nb3 Ra8 43.
Nc5+ Ke8 44. b6 Bf6 45. b7 Rb8 46. Rc8+ 1-0

[Event "*** Titled Tuesday Blitz"]
[Site "Chess.com"]
[Date "2021.03.30"]
[Round "4"]
[White "grandcoach"]
[Black "niki_2003"]
[Result "1-0"]
[WhiteElo "2274"]
[BlackElo "2040"]
[TimeControl "180+1"]
[EndTime "10:39:40 PDT"]
[Termination "grandcoach won by checkmate"]

1. e4 c6 2. d4 d5 3. e5 Bf5 4.
Nf3 h6 5. Be2 e6 6. O-O Nd7 7.
Nbd2 c5 8. c4 Ne7 9. Re1 Nc6 10.
cxd5 exd5 11. Bb5 Nxd4 12. Nxd4 cxd4 13. Qb3 Be6 14. Nf3 Qb6 15. a4 Bc5 16. a5 Qc7 17.
Bf4 a6 18. Bxd7+ Kxd7 19. Rac1 g5 20. Bg3 b6 21. Nxd4 Qb7 22. Rxc5 b5 23. Rec1 Rac8 24. Qb4 Rxc5 25. Qxc5 Rc8 26. Qxc8+ Qxc8 27. Rxc8 Kxc8 28. h4 Kd7 29. hxg5 hxg5 30. f4 gxf4 31. Bxf4 Bg4 32. Kf2 Bd1 33. Kg3 Kc7 34. Kh4 Kd7 35. Kg5 Ba4 36. Kf6 Ke8 37. Nc6 Kd7 38. Nb4 d4 39. Kxf7 Bb3+ 40. Kf6 Kc7 41. Nxa6+ Kb7 42. Nc5+ Kc6 43.
Nxb3 Kd5 44. a6 d3 45. a7 Kc4 46. Nd2+ Kb4 47. a8=Q Kc5 48. Qc8+ Kb4 49. Qc3+ Ka4 50. Qa3# 1-0

[Event "*** Titled Tuesday Blitz"]
[Site "Chess.com"]
[Date "2021.03.30"]
[Round "4"]
[White "Brave_spirit12"]
[Black "SmallTurtleDuck"]
[Result "0-1"]
[WhiteElo "2559"]
[BlackElo "2346"]
[TimeControl "180+1"]
[EndTime "10:39:42 PDT"]
[Termination "SmallTurtleDuck won by resignation"]

1. e4 c6 2. Nc3 d5 3. Nf3 Nf6 4. e5 Ne4 5. Ne2 e6 6. d4 f6 7.
c3 fxe5 8. Nxe5 Bd6 9. Ng3 Nf6 10. Bd3 Nbd7 11. Bf4 Qc7 12. Qe2 Nb6 13. Nh5 Bxe5 14. Bxe5 Qf7 15. Nxf6+ gxf6 16. Bd6 Bd7 17. O-O-O O-O-O 18.
Bg3 Rde8 19. Rhe1 Qg7 20. Qd2 h5 21. Kb1 h4 22. Bf4 e5 23. dxe5 fxe5 24. Be3 Qxg2 25.
Rg1 Qxh2 26. Rg7 Reg8 27. Re7 Rg1 28. Bxb6 axb6 29. Kc2 Rxd1 30. Kxd1 Qf4 31. Qe1 h3 32. Rg7 h2 33. Qh1 Qxf2 34. Kc1 Qe3+ 35. Kc2 Qf2+ 36.
Kb3 Qf6 37. Rg2 e4 38. Bc2 Qf3 39. Rg8+ Rxg8 40. Qxh2 Qf7 41. a4 d4+ 42. Ka3 d3 43. Bb3 Qe7+ 44. Ka2 Be6 45. Qh3 Bxh3 0-1

[Event "*** Titled Tuesday Blitz"]
[Site "Chess.com"]
[Date "2021.03.30"]
[Round "4"]
[White "Keks2017"]
[Black "Vaathi_Coming"]
[Result "1/2-1/2"]
[WhiteElo "2481"]
[BlackElo "2794"]
[TimeControl "180+1"]
[EndTime "10:39:42 PDT"]
[Termination "Game drawn by repetition"]

1. g3 Nf6 2. Bg2 d5 3. d3 e5 4.
Nf3 Nc6 5. O-O Be7 6. c3 O-O 7. Qc2 a5 8. Nbd2 a4 9. Rb1 b6 10. b4 axb3 11. axb3 Bb7 12. b4 Bd6 13. e4 dxe4 14.
dxe4 Ne7 15. Re1 Ng6 16. Nc4 h6 17. Nfd2 Re8 18. Nf1 Bf8 19. Nfe3 Qc8 20. Nf5 Ne7 21. Nce3 Nxf5 22. Nxf5 Kh7 23. Ne3 g6 24. Nd5 Nxd5 25. exd5 c6 26. dxc6 Bxc6 27. Bxc6 Qxc6 28. Qb3 f5 29. c4 e4 30. Bb2 Bg7 31. Bxg7 Kxg7 32. Rbc1 Rad8 33. c5 b5 34. Rcd1 h5 35. Rxd8 Rxd8 36.
Rd1 Rd7 37. Rxd7+ Qxd7 38. Qc3+ Kf7 39. c6 Qd3 40. Qc5 Qd1+ 41. Kg2 Qf3+ 42. Kg1 Qd1+ 43. Kg2 h4 44. gxh4 Qf3+ 45. Kg1 Qg4+ 46. Kf1 Qd1+ 47. Kg2 Qf3+ 48. Kg1 Qd1+ 49. Kg2 1/2-1/2

[Event "*** Titled Tuesday Blitz"]
[Site "Chess.com"]
[Date "2021.03.30"]
[Round "4"]
[White "zala02"]
[Black "ajdemipopushi"]
[Result "0-1"]
[WhiteElo "2138"]
[BlackElo "2340"]
[TimeControl "180+1"]
[EndTime "10:39:43 PDT"]
[Termination "ajdemipopushi won by checkmate"]

1. e4 c5 2. Nf3 g6 3. d3 Bg7 4. g3 Nc6 5. Bg2 e5 6. O-O Nge7 7. Nc3 O-O 8. Be3 d6 9. Qd2 Be6 10. Ng5 Bd7 11. f4 Nd4 12. Rae1 h6 13. Nf3 Kh7 14. Nd1 f5 15. c3 Nxf3+ 16. Bxf3 Bc6 17. Kh1 Qd7 18. Bg2 Rad8 19. Rg1 b6 20. Nf2 d5 21. fxe5 dxe4 22. d4 cxd4 23. cxd4 Bxe5 24.
Bxh6 Rf7 25. dxe5 Qxd2 26. Bxd2 Rxd2 27. Nh3 Kh6 28. Rc1 g5 29. Rge1 Rf8 30. Ng1 Rfd8 31. b4 Rxa2 32. Ne2 Rdd2 33. Nc3 Rxg2 34. Nxa2 Rxa2 35.
Red1 e3+ 36. Kg1 f4 37. gxf4 gxf4 38. Rd6+ Kg5 39. Kf1 f3 40. Rd3 Kf4 41. h4 Be4 42. Rd4 Kxe5 43. Rdc4 Nd5 44. Rc8 Rh2 45. Re8+ Kd4 46.
Kg1 Rxh4 47. Rd8 f2+ 48. Kf1 Rh1+ 49. Ke2 Rxc1 50. b5 Bd3+ 51. Kf3 f1=Q+ 52. Kg3 Qg1+ 53. Kh4 Qh2+ 54. Kg5 Rg1# 0-1

[Event "*** Titled Tuesday Blitz"]
[Site "Chess.com"]
[Date "2021.03.30"]
[Round "4"]
[White "swisspower96"]
[Black "tandaleo"]
[Result "1-0"]
[WhiteElo "2586"]
[BlackElo "2357"]
[TimeControl "180+1"]
[EndTime "10:39:44 PDT"]
[Termination "swisspower96 won on time"]

1. d4 Nf6 2. c4 g6 3. Nc3 Bg7 4.
e4 d6 5. h3 c5 6. Nf3 O-O 7.
Be2 b6 8. O-O Bb7 9. d5 a6 10.
a4 e6 11. Re1 exd5 12. exd5 Nbd7 13. Bf4 Qc7 14. Qd2 Rfe8 15. Bf1 Nh5 16. Bh2 Ne5 17.
Bxe5 dxe5 18. g3 f5 19. Bg2 e4 20. Ng5 Bd4 21. Kh1 Ng7 22. h4 h6 23. Nh3 Kh7 24. Ne2 Bf6 25. Nef4 Rad8 26. Rad1 Bc8 27. f3 exf3 28. Bxf3 g5 29. hxg5 hxg5 30. Rxe8 Rxe8 31.
Nh5 Nxh5 32. Bxh5 Qxg3 33. Bxe8 Qxh3+ 34. Qh2 f4 35. Qxh3+ Bxh3 36. d6 f3 37. Kh2 g4 38.
d7 Be5+ 39. Kg1 g3 40. Rd2 Bd4+ 41. Kh1 g2+ 42. Kh2 g1=Q+ 43. Kxh3 Qh1+ 44. Kg4 Qg1+ 45. Kf5 1-0

[Event "*** Titled Tuesday Blitz"]
[Site "Chess.com"]
[Date "2021.03.30"]
[Round "4"]
[White "Slovak_fighter2000"]
[Black "andy_rekt"]
[Result "1-0"]
[WhiteElo "2485"]
[BlackElo "2300"]
[TimeControl "180+1"]
[EndTime "10:39:45 PDT"]
[Termination "Slovak_fighter2000 won on time"]

1. d4 f5 2. Bg5 h6 3. Bh4 g5 4. Bg3 Nf6 5. e3 d6 6. h4 Bg7 7. hxg5 hxg5 8. Rxh8+ Bxh8 9. c4 Nc6 10. Nc3 e5 11.
dxe5 dxe5 12. Qxd8+ Kxd8 13. O-O-O+ Bd7 14. Nf3 f4 15. Bh2 Ng4 16. Bg1 fxe3 17. fxe3 Ke8 18. Nxg5 Bg7 19.
Be2 Bh6 20. Nce4 Bxg5 21. Nxg5 Nf6 22. Bf3 Ke7 23. Ne4 Nxe4 24. Bxe4 Rg8 25. Bh2 Rg4 26.
Bf3 Rxc4+ 27. Kd2 e4 28. Be2 Rc5 29. Bxc7 Nb4 30. Rc1 Rxc1 31. Kxc1 Nxa2+ 32. Kb1 Nb4 33. Bf4 Nd5 34. Bg5+ Ke6 35. Bg4+ Kd6 36. Bh5 Ke5 37. g3 a5 38. Kc2 b5 39. Bf4+ Nxf4 40. gxf4+ Kd5 41.
Bf7+ Kc5 42. Kc3 Bh3 43. Bg6 b4+ 44. Kc2 Kd5 45. Kb3 Bf1 46. Ka4 Kc4 47. Bxe4 Be2 48. Kxa5 Kb3 49. Bd5+ Kxb2 50. Kxb4 Kc2 51. e4 Kd3 52. Kc5 Bg4 53. Kd6 1-0

[Event "*** Titled Tuesday Blitz"]
[Site "Chess.com"]
[Date "2021.03.30"]
[Round "4"]
[White "AlexPapasimakopoulos"]
[Black "jcibarra"]
[Result "0-1"]
[WhiteElo "2632"]
[BlackElo "2837"]
[TimeControl "180+1"]
[EndTime "10:39:47 PDT"]
[Termination "jcibarra won by checkmate"]

1. d4 Nf6 2. c4 d6 3. Nf3 g6 4.
Nc3 Bf5 5. Nh4 Bd7 6. e4 e5 7.
Nf3 exd4 8. Nxd4 Bg7 9. Be2 O-O 10. O-O Re8 11. f3 Nc6 12. Be3 Nh5 13. Nxc6 bxc6 14. Qd2 c5 15. Rac1 Rb8 16. b3 Bc6 17. Rfe1 Qh4 18. Bf2 Qf4 19. Qxf4 Nxf4 20. Bf1 Ne6 21.
Ne2 a5 22. Rcd1 a4 23. Rd3 axb3 24. axb3 Rb6 25. Nc1 Ra8 26. Be3 Nd4 27. Be2 Ra3 28. Bd1 Ra1 29. Kf1 Rb1 30. Bg5 h6 31. Be3 Ra6 32.
Ne2 Ne6 33. Bc2 Rb2 34. Bd1 Raa2 35. Bc1 Rb1 36. Be3 Raa1 37. Bf2 Bb7 38. g3 Ba6 39. h4 h5 40. Be3 Be5 41. f4 Bg7 42. f5 Nf8 43.
Bf2 Nd7 44. Bc2 Rxe1+ 45. Bxe1 Ne5 46. Re3 Bb7 47. Nf4 Ng4 48. Re2 Bd4 49. Kg2 Ne3+ 50.
Rxe3 Bxe3 51. Nd3 Bxe4+ 52. Kh2 Bxd3 53. Ba5 Rxa5 54. Bb1 Bxb1 55. f6 Bf5 56. b4 Ra2+ 57. Kh1 Be4# 0-1

[Event "*** Titled Tuesday Blitz"]
[Site "Chess.com"]
[Date "2021.03.30"]
[Round "4"]
[White "Arvids_Andrejevs"]
[Black "KrolPawel92OnTwitch"]
[Result "0-1"]
[WhiteElo "2443"]
[BlackElo "2620"]
[TimeControl "180+1"]
[EndTime "10:39:47 PDT"]
[Termination "KrolPawel92OnTwitch won by resignation"]

1. e4 c5 2. c3 Nc6 3. d4 d5 4. exd5 Qxd5 5. Nf3 Bg4 6. Be2 e6 7. h3 Bh5 8. Be3 Rd8 9. O-O Nf6 10. dxc5 Bxc5 11.
Qxd5 Rxd5 12. c4 Bxf3 13. cxd5 Bxe2 14. dxc6 Bxe3 15. Re1 bxc6 16. Rxe2 Bb6 17. Nc3 Ke7 18. Rc1 Rd8 19. Na4 Rd6 20. Rec2 Kd7 21. Nc5+ Kc7 22. b4 Rd4 23. a3 Nd5 24. b5 Nf4 25. Na6+ Kb7 26. g3 cxb5 27. gxf4 Kxa6 28. Rc6 Rxf4 29. R1c2 Kb7 30. R6c3 a5 31. Rb3 b4 32. axb4 axb4 33.
Rcb2 Bc5 34. Kg2 Kb6 35. Kg3 g5 36. f3 h5 37. Rd3 h4+ 38. Kg2 Kb5 39. Rd7 Kc4 40.
Rc2+ Kb5 41. Rb7+ Bb6 42. Rb8 b3 43. Rb2 Rb4 44. Kf1 Kc4 45. Rc8+ Kd3 46. Ke1 Bd4 47.
Rd2+ Ke3 48. Re2+ Kxf3 49. Rc7 f5 50. Rc1 b2 51. Rb1 e5 52. Kf1 g4 53. hxg4 fxg4 54.
Rc2 g3 55. Re1 b1=Q 56. Rcc1 Qd3+ 0-1

[Event "*** Titled Tuesday Blitz"]
[Site "Chess.com"]
[Date "2021.03.30"]
[Round "4"]
[White "LionTheLeon_06"]
[Black "anon481216"]
[Result "1-0"]
[WhiteElo "2697"]
[BlackElo "2512"]
[TimeControl "180+1"]
[EndTime "10:39:48 PDT"]
[Termination "LionTheLeon_06 won by resignation"]

1. Nf3 d5 2. c4 e6 3. b3 d4 4. Bb2 c5 5. e3 Nc6 6. exd4 cxd4 7. g3 Nf6 8. Bg2 Bc5 9. O-O O-O 10. Re1 a5 11. d3 a4 12. bxa4 Qa5 13. Nbd2 Ba7 14. Nb3 Qxa4 15. Nbxd4 Qxd1 16. Rexd1 Nxd4 17. Nxd4 Rd8 18. Nb5 Bb6 19. a4 Ba5 20. d4 Rb8 21. d5 exd5 22. Be5 Ra8 23. cxd5 Bd7 24. d6 Bc6 25.
Rac1 Bxg2 26. Kxg2 Nd7 27. Bd4 f6 28. Re1 Re8 29.
Nc7 Rxe1 30. Rxe1 Bxc7 31. dxc7 Rc8 32. Rc1 Kf7 33. a5 Ke6 34. Bb6 Ne5 35. Rd1 Nd7 36.
f4 f5 37. Kf3 g6 38. Ke3 Ke7 39. Rd3 Ke6 40. Kd2 Ra8 41. Kc3 Rc8 42. Kc4 Ra8 43.
Kb5 Ke7 44. Rc3 Rc8 45. a6 bxa6+ 46. Kxa6 Kd6 47. Kb7 Nxb6 48. Kxb6 Kd5 49. Kb7 1-0

[Event "*** Titled Tuesday Blitz"]
[Site "Chess.com"]
[Date "2021.03.30"]
[Round "4"]
[White "LastHeroJr"]
[Black "picturesquecheck"]
[Result "1/2-1/2"]
[WhiteElo "2558"]
[BlackElo "2270"]
[TimeControl "180+1"]
[EndTime "10:39:49 PDT"]
[Termination "Game drawn by repetition"]

1. e4 c5 2. Nf3 Nc6 3. d4 cxd4 4.
Nxd4 Nf6 5. Nc3 d6 6. Bg5 e6 7. Qd2 a6 8. O-O-O h6 9. Be3 Be7 10. f3 Bd7 11. g4 b5 12. Nxc6 Bxc6 13. Ne2 Rc8 14. Nd4 Bd7 15. h4 Qc7 16. Kb1 d5 17. e5 Ng8 18. f4 h5 19. f5 hxg4 20. fxe6 Bxe6 21. Nxe6 fxe6 22. Bd3 Nh6 23. Rdf1 Kd7 24. Bg5 Rcf8 25. a4 bxa4 26. Bxa6 Qb6 27. c4 Qxa6 28. cxd5 Bxg5 29. dxe6+ Kxe6 30. Qd1 Rd8 31. Qc2 Qd3 32. hxg5 Qxc2+ 33. Kxc2 Nf7 34. Rxh8 Rxh8 35. Rf4 Nxe5 36. Rxa4 Rc8+ 37. Kd2 Kf5 38. Ke3 Rd8 39. b4 Rd3+ 40. Ke2 Rb3 41. Kf2 Kxg5 42. Kg2 Kf4 43. b5+ Kf5 44. Ra5 g5 45. Kf2 Kf4 46. Ra4+ Kf5 47. Ra5 Rf3+ 48. Kg2 Rb3 49. Kf2 1/2-1/2

[Event "*** Titled Tuesday Blitz"]
[Site "Chess.com"]
[Date "2021.03.30"]
[Round "4"]
[White "SirStrateg"]
[Black "Sofiia_Hryzlova"]
[Result "0-1"]
[WhiteElo "2557"]
[BlackElo "2336"]
[TimeControl "180+1"]
[EndTime "10:39:50 PDT"]
[Termination "Sofiia_Hryzlova won on time"]

1. d4 Nf6 2. Bf4 d5 3. e3 Nbd7 4. c4 c6 5. Nc3 e6 6. cxd5 exd5 7.
Bd3 g6 8. h3 Bg7 9. Nf3 O-O 10.
O-O Re8 11. Qc2 b6 12. b4 Bb7 13. a4 a6 14. Ne5 Nh5 15. a5 c5 16. bxc5 bxc5 17. Rfb1 cxd4 18. Rxb7 Nxe5 19. Bxe5 Bxe5 20. exd4 Bxd4 21. Ra4 Bg7 22. Ne2 Rc8 23. Qb3 Qd6 24.
Rb6 Rc6 25. Rab4 Rec8 26. Rxc6 Rxc6 27. Rb8+ Bf8 28. Rb6 Nf4 29. Nxf4 Rc1+ 30. Bf1 Qxf4 31. Qxd5 Qa4 32. Rxa6 Qa1 33. Qd3 Bc5 34. Ra8+ Kg7 35. a6 Bd4 36. Rd8 Bc5 37. Rd5 Qb2 38. Rxc5 Rxc5 39. Qf3 Ra5 40. Qd3 Ra1 41. h4 Qa3 42. Qd4+ f6 43. Qd7+ Kh6 44. Qd2+ g5 45. hxg5+ fxg5 46. Qe2 Qa2 0-1

[Event "*** Titled Tuesday Blitz"]
[Site "Chess.com"]
[Date "2021.03.30"]
[Round "4"]
[White "zurzan"]
[Black "MYMChessAcademy"]
[Result "1-0"]
[WhiteElo "1964"]
[BlackElo "2224"]
[TimeControl "180+1"]
[EndTime "10:39:50 PDT"]
[Termination "zurzan won by checkmate"]

1. f4 d5 2. Nf3 c5 3. g3 Nc6 4. Bg2 g6 5. O-O Bg7 6. d3 Nf6 7. c3 O-O 8. Qc2 Qb6 9. Kh1 Bd7 10. a4 c4 11. h3 Na5 12. Ra3 Nb3 13. Nbd2 Nxd2 14.
Bxd2 cxd3 15. exd3 Rac8 16. a5 Qa6 17. Re1 Bf5 18. Ne5 d4 19. c4 Be6 20. Rb3 Rc7 21. Bb4 Nd7 22. Nxd7 Bxd7 23. Rxe7 Re8 24. Rxe8+ Bxe8 25. Qe2 Bc6 26. Bxc6 Qxc6+ 27. Kh2 Bf8 28. Bxf8 Kxf8 29. Rb5 Re7 30. Re5 Rxe5 31. Qxe5 Qa4 32. Qh8+ Ke7 33. Qxd4 Qc2+ 34. Kg1 Qd1+ 35. Kg2 Qd2+ 36.
Kf3 Qd1+ 37. Kf2 Qd2+ 38. Kf1 Qd1+ 39. Kg2 Qd2+ 40. Qf2 Qxd3 41. c5 Qe4+ 42. Kh2 f5 43. a6 bxa6 44. c6 Qxc6 45. Qxa7+ Qd7 46. Qxa6 Qd2+ 47.
Kg1 Qe1+ 48. Kg2 Qd2+ 49. Kf3 Qd1+ 50. Kf2 Qe2+ 51. Qxe2+ Kd6 52. Qd3+ Kc5 53. Qc3+ Kb5 54. Kf3 Kb6 55. g4 Kb5 56. gxf5 gxf5 57. Qe5+ Kb4 58. Qxf5 Kb3 59. Qxh7 Kxb2 60. Qc7 Kb3 61. f5 Ka3 62. f6 Kb4 63. f7 Ka4 64. Qb7 Ka3 65. f8=Q+ Ka2 66.
Qfa8# 1-0

[Event "*** Titled Tuesday Blitz"]
[Site "Chess.com"]
[Date "2021.03.30"]
[Round "4"]
[White "AradNazari"]
[Black "frederiksvane"]
[Result "0-1"]
[WhiteElo "2494"]
[BlackElo "2696"]
[TimeControl "180+1"]
[EndTime "10:39:51 PDT"]
[Termination "frederiksvane won by resignation"]

1. d4 Nf6 2. c4 g6 3. g3 Bg7 4. Bg2 O-O 5. Nf3 d6 6. O-O Nc6 7. Nc3 a6 8. h3 Rb8 9. e4 b5 10. cxb5 axb5 11. e5 Ne8 12. Qe2 b4 13. Na4 Bd7 14. b3 Qc8 15. Kh2 Na7 16. Re1 Bb5 17. Qc2 c5 18. dxc5 Bxa4 19. bxa4 dxc5 20. Nd2 Nc6 21.
Bb2 Nd4 22. Bxd4 cxd4 23. Qxc8 Rxc8 24. Nb3 f6 25. e6 f5 26. a5 Nc7 27. Bb7 Rcd8 28.
a6 f4 29. a7 fxg3+ 30. fxg3 d3 31. Rad1 Bc3 32. Re3 Rf2+ 33. Kg1 Rxa2 34. Rexd3 Rxd3 35.
Rxd3 Rxa7 36. Nc5 Nb5 37. Bd5 Bd4+ 38. Kg2 Bxc5 39. Bc4 Nd6 40. Bb3 Kg7 41. g4 Ra3 42.
Rf3 g5 43. h4 h6 44. Kh3 Ra1 45. h5 Rc1 46. Kg2 Rc3 0-1

[Event "*** Titled Tuesday Blitz"]
[Site "Chess.com"]
[Date "2021.03.30"]
[Round "4"]
[White "Sueetin"]
[Black "Vuk2000"]
[Result "0-1"]
[WhiteElo "2423"]
[BlackElo "2728"]
[TimeControl "180+1"]
[EndTime "10:39:51 PDT"]
[Termination "Vuk2000 won by checkmate"]

1. d4 Nf6 2. c4 e6 3. Nf3 b6 4. a3 Bb7 5. Nc3 d5 6. Bg5 Be7 7. Qa4+ c6 8. Bxf6 Bxf6 9. cxd5 exd5 10. g3 O-O 11. Bg2 Na6 12. O-O Re8 13. Rad1 Nc7 14. Rfe1 a5 15. e4 dxe4 16. Nxe4 Nd5 17. Nxf6+ Qxf6 18. Ne5 h6 19. Bxd5 cxd5 20. Qd7 Re7 21. Qb5 Rae8 22. Rc1 Qd6 23. h4 f6 24. Nd3 Kf7 25.
Rxe7+ Rxe7 26. Re1 Rxe1+ 27. Nxe1 g5 28. hxg5 hxg5 29.
Nc2 f5 30. Ne3 f4 31. Ng4 Qc7 32. Ne5+ Ke7 33. Qe2 fxg3 34. fxg3 Kd8 35. Kg2 Kc8 36. Nf3 Qc1 37. Qe8+ Kc7 38. Qe5+ Kc8 39. Qe2 Kb8 40. Qd2 Qc4 41. Qxg5 Ba6 42. Qd2 Qf1+ 43.
Kh2 Qxf3 44. Qg5 Qe2+ 45. Kh3 Bc8+ 46. Kh4 Qh2# 0-1